 Seeded DCSS version 0.28.0-45-g0d030f2227 (webtiles) character file.

Game seed: 14447413411792647702 (custom seed)

33 zeratav the Chopper (level 3, 31/31 HPs)
             Began as a Hill Orc Monk on Apr 20, 2022.
             Was an Initiate of Ru.
             Quit the game on level 2 of the Dungeon.
             The game lasted 00:01:43 (1618 turns).

zeratav the Chopper (Hill Orc Monk)                 Turns: 1618, Time: 00:01:44

Health: 31/31      AC:  3    Str: 15    XL:     3   Next: 29%
Magic:  3/3        EV: 12    Int: 10    God:    Ru [......]
Gold:   68         SH:  0    Dex: 13    Spells: 2/2 levels left

rFire   . . .      SeeInvis .   a - +0 hand axe {axe}
rCold   . . .      Faith    .   (no shield)
rNeg    . . .      Spirit   .   f - +0 leather armour
rPois   .          Reflect  .   (no helmet)
rElec   .          Harm     .   (no cloak)
rCorr   .          Rampage  .   (no gloves)
Will    .....                   (no boots)
Stlth   ++........              (no amulet)
HPRegen 0.10/turn               (no ring)
MPRegen 0.08/turn               (no ring)

@: no status effects
A: no striking features
a: Renounce Religion


You were on level 2 of the Dungeon.
You worshipped Ru.
Ru was noncommittal.
You visited 1 branch of the dungeon, and saw 2 of its levels.

You collected 68 gold pieces.


   Skills:
 - Level 3.6 Fighting
 * Level 5.3 Axes
 + Level 1.4 Armour
 - Level 2.4 Dodging
 - Level 1.5 Stealth


You had 2 spell levels left.
You didn't know any spells.
Your spell library contained the following spells:

 Spells                   Type           Power      Damage    Failure   Level
 Foxfire                  Conj/Fire      0%         2x1d4     43%         1

Inventory:

Hand Weapons
 a - a +0 hand axe (weapon) {axe}
Armour
 f - a +0 leather armour (worn)
   (You found it on level 1 of the Dungeon)
Jewellery
 e - a ring of positive energy
   (You found it on level 1 of the Dungeon)
Scrolls
 c - a scroll of enchant weapon {unknown}
 g - a scroll of brand weapon {unknown}
 i - a scroll of blinking {unknown}
 j - a scroll of teleportation {unknown}
 k - a scroll of vulnerability {unknown}
Potions
 b - a potion of might {unknown}
 d - a potion of resistance {unknown}
 h - a potion of brilliance {unknown}

Dungeon Overview and Level Annotations

Branches:
Dungeon (2/15)

Altars:
Ru

.. # .. .. .# #.
. .# .
#.#.#.#####.# #
#.#.#.#._.#.#.#.
...^^.^^@..^^^..
................
#........#.###.
##......##.#
#.(...###.###
#.#.#......).
#.#.#.###.###
#.#.......#
#.........#


There were no monsters in sight!


Message History

No target in view!
No target in view!
No target in view!
No target in view!
No target in view!
No target in view!
No target in view!
No target in view!
No target in view!
You see here a +0 robe.
A giant cockroach comes into view.
The giant cockroach closely misses you.
You hit the giant cockroach but do no damage.
The giant cockroach waves its antennae.
The giant cockroach misses you.
You hit the giant cockroach. The giant cockroach closely misses you.
You hit the giant cockroach.
The giant cockroach completely misses you.
The giant cockroach bites you but does no damage.
You closely miss the giant cockroach. The giant cockroach closely misses you.
You closely miss the giant cockroach. The giant cockroach misses you.
You hit the giant cockroach.
You kill the giant cockroach!
Your Axes skill increases to level 5!
No target in view!
No target in view!
No target in view!
No target in view!
No target in view!
No target in view!
No target in view!
No target in view!
No target in view!
No target in view!
No target in view!
No target in view!
A dart slug and an adder come into view.
Found a stone staircase leading down.
There are monsters nearby!
The adder hisses angrily.
You closely miss the adder. The adder closely misses you. The adder bites you.
HP[-2]
You take 2 damage, and now have 24/26 hp.
You hit the adder. The adder bites you but does no damage.
You hit the adder. The adder closely misses you. x2
You hit the adder.
You kill the adder!
The dart slug launches a dart at you. The slug dart misses you.
You have reached level 3!
Your experience leads to an increase in your attributes!
Increase (S)trength, (I)ntelligence, or (D)exterity?
You feel stronger. x2
HP[+5] MP[+1]
You now have 31 max hp (+5).
You regained 5 hp, and now have 29/31 hp.
Your mp is fully restored (3).
You hit the dart slug. You punch the dart slug.
The dart slug bites you but does no damage.
You hit the dart slug but do no damage. The dart slug completely misses you.
You hit the dart slug.
You kill the dart slug!
HP[+1]
An endoplasm comes into view.
HP[+1]
Your hp is fully restored (31).
Found Plato's Collected Works on Fire.
Found a faded altar of an unknown god.
The endoplasm quivers.
You hit the endoplasm.
The endoplasm hits you but does no damage.
You hit the endoplasm.
You kill the endoplasm!
No target in view!
No target in view!
No target in view!
No target in view!
No target in view!
No target in view!
No target in view!
No target in view!
No target in view!
No target in view!
No target in view!
No target in view!
No target in view!
No target in view!
No target in view!
No target in view!
You pick up Plato's Collected Works on Fire and begin reading...
You add the spell Foxfire to your library.
There is a faded altar of an unknown god here.
Unknown command.
Press < or > to pray at altars.
You cannot tell which god this altar belongs to.
Convert to them anyway? [Y]es or [N]o only, please.
You cannot tell which god this altar belongs to.
Convert to them anyway?
Ru accepts your prayer! Ru welcomes you!
Unknown command.
Are you sure you want to abandon this character and quit the game? (Confirm with "yes".)

Skill      XL: |  1  2 |
---------------+-------+-----
Armour         | 1 |  1.4
Axes           | 5 |  5.3
Fighting       | |  3.6
Dodging        | |  2.4
Stealth        | |  1.5

Action                   || total
-------------------------++-------
Melee: Hand axe          ||    67
       Punch             ||     1
 Stab: Sleeping          ||     3
Armor: Robe              ||     5
       Leather armour    ||    14
Dodge: Dodged            ||    46

Levels and vault maps discovered:
D:1:      dpeg_arrival_houses_and_road, layout_loops_ring, minmay_tromino_v4_a
D:2:      layout_loops_corners, shapermc_ecumenical_altar_rom_forum, st_stairs_8

Notes
Turn   | Place    | Note
-------+----------+-------------------------------------------
     0 | D:1      | zeratav the Hill Orc Monk began the quest for the Orb.
     0 | D:1      | Reached XP level 1. HP: 19/19 MP: 1/1
     0 | D:1      | magus.rc [v1.9.6]
   392 | D:1      | Reached XP level 2. HP: 14/26 MP: 2/2
   757 | D:1      | Reached skill level 1 in Armour
  1560 | D:2      | Reached skill level 5 in Axes
  1568 | D:2      | Reached XP level 3. HP: 29/31 MP: 3/3
  1605 | D:2      | Found a faded altar of an unknown god.
  1615 | D:2      | Got Plato's Collected Works on Fire
  1616 | D:2      | Prayed at the altar of an unknown god.
  1616 | D:2      | Became a worshipper of Ru the Awakened
  1618 | D:2      | Quit the game

Vanquished Creatures
  An adder (D:2)
  2 dart slugs
  4 endoplasms
  A giant cockroach (D:2)
  2 hobgoblins (D:1)
  A quokka (D:1)
  4 ball pythons
  2 bats
  A goblin (D:1)
  A kobold (D:1)
  A rat (D:1)
20 creatures vanquished.

Vanquished Creatures (others)
  2 fungi (D:2)
  A plant (D:2)
3 creatures vanquished.

Grand Total: 23 creatures vanquished

Table legend:
 A = Non-vault XP
 B = Vault XP
 C = Vault XP percentage of total XP
 D = Non-vault monster count
 E = Vault monster count
 F = Vault count percentage of total count
                 A         B        C        D         E       F
            +---------+---------+-------+---------+---------+-------
      Total |      27 |      21 |  43.8 |      16 |       4 |  20.0
            +---------+---------+-------+---------+---------+-------
        D:1 |      20 |       4 |  16.7 |      12 |       2 |  14.3
        D:2 |       7 |      17 |  70.8 |       4 |       2 |  33.3
            +---------+---------+-------+---------+---------+-------

Illustrated notes

Table legend:
 A = Kills in this place as a percentage of kills in entire the game.
 B = Kills by you in this place as a percentage of kills by you in the entire game.
 C = Kills by friends in this place as a percentage of kills by friends in the entire game.
 D = Other kills in this place as a percentage of other kills in the entire game.
 E = Experience gained in this place as a percentage of experience gained in the entire game.
 F = Experience gained in this place divided by the number of levels of this place that you have seen.
                   A       B       C       D       E      F
               +-------+-------+-------+-------+-------+----------------------
         Total | 100.0 | 100.0 |   N/A |   N/A | 100.0 |  24.0
       Dungeon | 100.0 | 100.0 |   N/A |   N/A | 100.0 |  24.0
               +-------+-------+-------+-------+-------+----------------------

Table legend: (Time is in decaauts)
 A = Elapsed time spent in this place.
 B = Non-inter-level travel time spent in this place.
 C = Inter-level travel time spent in this place.
 D = Time resting spent in this place.
 E = Time spent auto-exploring this place.
 F = Levels seen in this place.
 G = Mean time per level.
                   A        B        C        D        E       F      G
               +--------+--------+--------+--------+--------+-----+--------+
         Total |   1622 |   1555 |     67 |      0 |   1387 |   2 |  811.0 |
       Dungeon |   1622 |   1555 |     67 |      0 |   1387 |   2 |  811.0 |
               +--------+--------+--------+--------+--------+-----+--------+

Top non-repeatable levels by time:
     D:1: 1192 daAuts
     D:2: 429 daAuts
